 Dungeon Crawl Stone Soup version 0.17.0-28-g6e173f8 (webtiles) character file.

769 lucasterio the Conjurer (level 7, -6/41 HPs)
             Began as an Octopode Wizard on Dec 2, 2015.
             Mangled by an ogre
             ... wielding a +0 giant club
              (21 damage)
             ... on level 4 of the Dungeon.
             The game lasted 00:31:48 (5760 turns).

lucasterio the Conjurer (Octopode Wizard)           Turns: 5760, Time: 00:31:48

Health: -6/41      AC:  1    Str:  6    XL:     7   Next: 82%
Magic:  0/15       EV: 12    Int: 23    God:
Gold:   118        SH:  0    Dex: 10    Spells: 5 memorised, 5 levels left

rFire  . . .     SeeInvis .     p - +2 dagger (venom)
rCold  . . .     Clarity  .     (no shield)
rNeg   + . .     SustAt   .     a - +0 hat
rPois  +         Gourm    .     (no amulet)
rElec  .         Spirit   .     o - ring of positive energy
rCorr  .         Warding  .     q - ring of poison resistance
rMut   .         Stasis   .     (no ring)
MR     .....                    (no ring)
Stlth  +++.......               (no ring)
                                (no ring)
                                (no ring)
                                (no ring)

@: very slightly contaminated, not resistant to hostile enchantments, fairly
stealthy
A: almost no armour, amphibious, 8 rings, constrict 8, camouflage 1, gelatinous
body 1
a: no special abilities


You were on level 4 of the Dungeon.
You were hungry.

You visited 2 branches of the dungeon, and saw 5 of its levels.

You collected 118 gold pieces.

Inventory:

Hand Weapons
 p - a +2 dagger of venom (weapon)
 z - a cursed -3 dagger
Armour
 a - a +0 hat (worn)
Jewellery
 o - a ring of positive energy (left tentacle)
 q - a ring of poison resistance (right tentacle)
 x - an uncursed amulet of warding {unknown}
Wands
 u - a wand of frost (10)
Scrolls
 d - 3 scrolls of remove curse {unknown}
 f - a scroll of fear {unknown}
 h - a scroll of recharging {unknown}
 j - 2 scrolls of random uselessness {unknown}
 n - 5 scrolls of identify {unknown}
 t - a scroll of blinking {unknown}
 v - 2 scrolls of teleportation {unknown}
 w - a scroll of enchant armour {unknown}
 y - a scroll of amnesia {unknown}
Potions
 e - a potion of haste {unknown}
 g - 3 potions of flight {unknown}
 k - 2 potions of lignification {unknown}
 l - a potion of brilliance {unknown}
 m - 2 potions of cancellation {unknown}
 r - a potion of curing {unknown}
 s - a potion of agility {unknown}
Books
 b - a book of Minor Magic

   Spells                             Type                      Level
   a - Magic Dart                     Conjuration                  1
   b - Blink                          Translocation                2
   c - Call Imp                       Summoning                    2
   d - Repel Missiles                 Charms/Air                   2
   e - Slow                           Hexes                        2
   f - Conjure Flame                  Conjuration/Fire             3
   g - Mephitic Cloud                 Conjuration/Poison/Air       3
Comestibles
 c - 7 bread rations
 i - 2 meat rations


   Skills:
 - Level 2.0 Dodging
 - Level 2.6 Stealth
 * Level 5.3 Spellcasting
 + Level 6.2 Conjurations
 + Level 2.0 Summonings
 + Level 2.0 Translocations


You had 5 spell levels left.
You knew the following spells:

 Your Spells              Type           Power        Failure   Level  Hunger
a - Magic Dart            Conj           ####         1%          1    None
b - Blink                 Tloc           N/A          10%         2    None
c - Call Imp              Summ           ###.....     10%         2    None
d - Conjure Flame         Conj/Fire      ###.....     10%         3    ##.....
e - Mephitic Cloud        Conj/Pois/Air  ###.....     14%         3    ##.....


Dungeon Overview and Level Annotations

Branches:
Dungeon (4/15)             Temple (1/1) D:4

Altars:
Ashenzari
Cheibriados
Dithmenos
Elyvilon
Fedhas
Gozag
Kikubaaqudgha
Makhleb
Nemelex Xobeh
Okawaru
Ru
Trog
Xom
Yredelemnul
Zin
The Shining One

Annotations:
D:2 Sigmund
D:3 Natasha


Innate Abilities, Weirdness & Mutations

You cannot wear most types of armour.
You are amphibious.
You can wear up to eight rings at the same time.
You can use your tentacles to constrict eight enemies at once.
Your skin changes colour to match your surroundings (Stealth).
Your rubbery body absorbs attacks (AC +1).


Message History

Casting: Blink
Confirm with . or Enter, or press ? or * to list all spells.
You blink.
The orc wizard casts a spell at you.
The puff of frost hits something.
You hear some strange, mumbled words.
A puff of flame appears from out of thin air!
The puff of flame misses you.
Casting: Blink
Confirm with . or Enter, or press ? or * to list all spells.
You miscast Blink.
You feel uncomfortable. The orc hits you but does no damage.
Casting: Blink
Confirm with . or Enter, or press ? or * to list all spells.
You blink.
Casting: Blink
Confirm with . or Enter, or press ? or * to list all spells.
You miscast Blink.
Nothing appears to happen.
The ogre hits you with a giant club!!
Ouch! That really hurt!
You die...

...#.......>..........#
.........[............#
.....)................#
......................#
......................#
.....................[#
.................o....#
................Oo§...##
................@......#
.......................#
.......................#
####...................#
###..#.................#
#...#...#..............#
..###......###.........#
.........#.# ##.......##
####..####.############


You could see an ogre, an orc wizard and an orc.

Vanquished Creatures
  An ogre (D:4)
  A phantom (D:4)
  A giant frog (D:3)
  3 vampire bats (D:2)
  A hound (D:4)
  An orc priest (D:3)
  Ijyb (D:2)
  A giant frog skeleton (D:3)
  Terence (D:3)
  3 worker ants
  Natasha (D:3)
  A gnoll (D:4)
  7 adders
  5 oozes
  3 worms
  3 giant geckos
  3 orcs (D:3)
  5 bats (D:2)
  3 bat skeletons (D:2)
  3 bat zombies (D:2)
  7 giant cockroaches
  11 hobgoblins
  6 jackals
  A quokka (D:3)
  A ball python (D:1)
  A giant newt (D:1)
  5 goblins
  9 kobolds
  20 rats
109 creatures vanquished.

Notes
Turn   | Place    | Note
--------------------------------------------------------------
     0 | D:1      | lucasterio the Octopode Wizard began the quest for the Orb.
     0 | D:1      | Reached XP level 1. HP: 11/11 MP: 4/4
     1 | D:1      | Found a runed door.
   348 | D:1      | Reached XP level 2. HP: 17/17 MP: 1/6
  1014 | D:1      | Learned a level 2 spell: Blink
  1017 | D:1      | Learned a level 2 spell: Call Imp
  1245 | D:2      | Reached XP level 3. HP: 13/21 MP: 1/7
  1576 | D:2      | Noticed Ijyb
  1723 | D:2      | Killed Ijyb
  1723 | D:2      | Reached XP level 4. HP: 3/27 MP: 2/9
  1765 | D:2      | Noticed an ogre
  2151 | D:2      | Noticed Sigmund
  2154 | D:2      | Found a shattered altar of Ashenzari.
  2170 | D:2      | Found a white marble altar of Elyvilon.
  2173 | D:2      | Found a glowing silver altar of Zin.
  2602 | D:2      | Found an ancient bone altar of Kikubaaqudgha.
  2602 | D:2      | Noticed a vampire bat
  2602 | D:2      | Noticed a vampire bat
  2663 | D:2      | Killed a vampire bat
  2663 | D:2      | Reached XP level 5. HP: 19/31 MP: 2/10
  2782 | D:2      | Noticed a vampire bat
  2795 | D:2      | Killed a vampire bat
  2795 | D:2      | Reached skill level 4 in Spellcasting
  2830 | D:2      | Learned a level 3 spell: Conjure Flame
  2834 | D:2      | Learned a level 3 spell: Mephitic Cloud
  3005 | D:2      | Killed a vampire bat
  3120 | D:2      | Reached XP level 6. HP: 34/36 MP: 10/12
  3292 | D:1      | Reached skill level 5 in Conjurations
  3602 | D:3      | Noticed Terence
  3704 | D:3      | Killed Terence
  4359 | D:3      | Noticed Natasha
  4362 | D:3      | Killed Natasha
  4362 | D:3      | Reached XP level 7. HP: 41/41 MP: 9/14
  4797 | D:3      | Reached skill level 6 in Conjurations
  4908 | D:3      | Noticed Natasha
  4966 | D:4      | Found a staircase to the Ecumenical Temple.
  4981 | D:4      | Reached skill level 5 in Spellcasting
  4995 | Temple   | Entered the Ecumenical Temple
  5760 | D:4      | Mangled by an ogre

Action                   |  1- 3 |  4- 6 |  7- 9 || total
-------------------------+-------+-------+-------++-------
Melee: Unarmed           |    19 |       |       ||    19
       Dagger            |       |    33 |    13 ||    46
 Cast: Magic Dart        |    92 |   122 |    87 ||   301
       Blink             |       |     5 |     5 ||    10
       Call Imp          |       |     2 |       ||     2
       Conjure Flame     |       |     1 |     1 ||     2
       Mephitic Cloud    |       |     1 |       ||     1
 Stab: Sleeping          |     1 |       |       ||     1
  Eat: Chunk             |     2 |     4 |     3 ||     9
       Meat ration       |       |     1 |       ||     1
